 Dungeon Crawl Stone Soup version 0.31-a0-152-g6aa68a64a1 (webtiles) character file.

Game seed: 16842674544717929671

89 qw the Shooter (level 4, -8/40 HPs)
             Began as a Naga Hunter on June 10, 2023.
             Mangled by an iguana (18 damage)
             ... on level 4 of the Dungeon.
             The game lasted 00:00:38 (2305 turns).

qw the Shooter (Naga Hunter)                        Turns: 2305, Time: 00:00:38

Health: -8/40      AC:  6    Str: 12 (13) XL:     4   Next: 55%
Magic:  4/4        EV:  9    Int:  6 (9)  God:
Gold:   185        SH:  0    Dex: 14 (17) Spells: 3/3 levels left

rFire   + + .        Y - +2 shortbow (chaos)
rCold   . . .        (shield currently unavailable)
rNeg    . . .        c - +0 leather armour
rPois   +            (no helmet)
rElec   .            (no cloak)
rCorr   .            (no gloves)
SInv    +            (no barding)
Will    .....        a - amulet "Houwuaf" {rF++ Regen+}
Stlth   ++           e - +4 ring of protection
HPRegen 1.06/turn    (no ring)
MPRegen 0.09/turn

%: no passive effects
@: short of breath, very slow
A: AC +1, large, see invisible, deformed body, poison resistance, slowness 2,
spit poison 1, naga tail 1
a: Spit Poison


You were on level 4 of the Dungeon.
You visited 2 branches of the dungeon, and saw 5 of its levels.

You collected 185 gold pieces.


Innate Abilities, Weirdness & Mutations

Your serpentine skin is tough. (AC +1)
You have supernaturally acute eyesight. (SInv)
Armour fits poorly on your strangely shaped body.
Your system is resistant to poisons. (rPois)
You cover ground very slowly.
You can spit poison.
You have a snake-like lower body.


   Skills:
 + Level 2.3 Fighting
 - Level 5.2 Ranged Weapons
 - Level 1.5 Dodging
 - Level 1.5 Stealth


You had 3 spell levels left.
You didn't know any spells.
Your spell library was empty.

Inventory:

Hand Weapons
 Y - a +2 shortbow of chaos (weapon)
Armour
 c - a +0 leather armour (worn)
Jewellery
 a - the amulet "Houwuaf" (around neck) {rF++ Regen+}
   (You found it on level 2 of the Dungeon)

   [amulet of regeneration]

   rF:        It greatly protects you from fire.
   Regen:     It increases your rate of health regeneration.
 b - a ring of protection from fire
 e - a +4 ring of protection (left hand)
 g - a ring of fire
Scrolls
 f - 3 scrolls of identify {unknown}
Potions
 d - a potion of curing {unknown}
 h - a potion of ambrosia {unknown}

Dungeon Overview and Level Annotations

Branches:
Dungeon (4/15)             Temple (1/1) D:4

Altars:
Cheibriados
Dithmenos
Gozag
Hepliaklqana
Makhleb
Nemelex Xobeh
Ru
Sif Muna
Uskayaw
Vehumet
Xom
Yredelemnul
The Shining One

Annotations:
D:3 4 transporters, qw's ghost, weakling MiHu


Message History

You shoot an arrow. The arrow hits the hobgoblin.
You kill the hobgoblin!
You have got your breath back.
Found an escape hatch in the floor.
Enter note:
Enter note:
Enter note: A kobold and an iguana come into view.
Found a runed granite ring.
The kobold shouts!
The iguana hisses angrily.
Enter note:
Enter note:
Enter note:
2300 ||| INVOKING Spit Poison.
Aiming: Spit Poison (1% risk of failure)
Press: ? - help, Shift-Dir - straight line, f - iguana The splash of poison misses the iguana.
You shoot an arrow.
The arrow hits the iguana but does no damage.
The iguana seems to speed up.
The iguana closely misses you. x2
You shoot an arrow. The arrow closely misses the iguana.
The iguana bites you. x2
You shoot an arrow. The arrow hits the iguana!
The iguana seems to grow stronger.
The iguana is heavily wounded.
The iguana bites you but does no damage.
The iguana bites you!
You shoot an arrow. The arrow barely misses the iguana.
You have got your breath back.
The iguana closely misses you. The kobold hits you but does no damage.
The iguana bites you!!
2305 ||| INVOKING Spit Poison.
Aiming: Spit Poison (1% risk of failure)
Press: ? - help, Shift-Dir - straight line, f/p - iguana The splash of poison hits the iguana but does no damage.
The iguana is poisoned.
The iguana is heavily wounded.
The kobold hits you but does no damage. The iguana bites you!!
You die...

#.####... ..=# #.#
#### #.># #.# ##
#..# #.# #) #..# #
#.# #.
.#####..###.# #.#
#.
............#.##.#
##
.......Kl.....##.#
#.@# #.#
######..########.#
.................#
##################


You could see an iguana (fast, strong, poisoned) and a kobold.

Vanquished Creatures
  A hound (D:4)
  An adder (D:2)
  A dart slug (D:4)
  6 orcs (D:4)
  3 ball pythons
  3 endoplasms
  2 goblins
  A hobgoblin (D:4)
  2 jackals (D:2)
  5 kobolds
  3 quokkas
  4 bats
  A frilled lizard (D:1)
  8 rats
41 creatures vanquished.

Vanquished Creatures (others)
  A bat zombie (D:3)
1 creature vanquished.

Grand Total: 42 creatures vanquished

Notes
Turn   | Place    | Note
-------+----------+-------------------------------------------
     0 | D:1      | qw the Naga Hunter began the quest for the Orb.
     0 | D:1      | Reached XP level 1. HP: 19/19 MP: 1/1
     0 | D:1      | 0 ||| qw: Version: 0.2-a-122-gbc61b45
     0 | D:1      | 0 ||| qw: Game counter: 3592
     0 | D:1      | 0 ||| qw: Always use a shield: true
     0 | D:1      | 0 ||| qw: God list: Okawaru
     0 | D:1      | 0 ||| qw: Allow faded altars: false
     0 | D:1      | 0 ||| qw: Do Orc after D:15 true
     0 | D:1      | 0 ||| qw: Do second Lair branch before Depths: true
     0 | D:1      | 0 ||| qw: Lair rune preference: random
     0 | D:1      | 0 ||| qw: Plans: Normal
     0 | D:1      | 0 ||| PLANNING D:1-11
     5 | D:1      | 5 ||| INVOKING Spit Poison.
    25 | D:1      | 25 ||| INVOKING Spit Poison.
    56 | D:1      | Found a faded altar of an unknown god.
   114 | D:1      | 114 ||| INVOKING Spit Poison.
   164 | D:1      | 164 ||| INVOKING Spit Poison.
   213 | D:1      | 213 ||| INVOKING Spit Poison.
   214 | D:1      | Reached skill level 4 in Ranged Weapons
   214 | D:1      | Reached XP level 2. HP: 26/26 MP: 2/2
   259 | D:1      | 259 ||| INVOKING Spit Poison.
   320 | D:1      | 320 ||| INVOKING Spit Poison.
   368 | D:1      | 368 ||| INVOKING Spit Poison.
   505 | D:1      | 505 ||| INVOKING Spit Poison.
   524 | D:1      | 524 ||| INVOKING Spit Poison.
   729 | D:1      | 729 ||| UPGRADING to +4 ring of protection.
   730 | D:1      | 730 ||| READING scroll labelled AGAHAK RICA.
   731 | D:1      | 731 ||| READING scroll labelled KYILUZ WUFIU.
   732 | D:1      | 732 ||| READING scroll labelled HEMEN VICASTE.
   779 | D:1      | 779 ||| DROPPING scroll of butterflies.
   799 | D:2      | 799 ||| INVOKING Spit Poison.
   800 | D:2      | 800 ||| INVOKING Spit Poison.
   805 | D:2      | Identified the amulet "Houwuaf" {rF++ Regen+}
   853 | D:2      | 853 ||| INVOKING Spit Poison.
   892 | D:2      | 892 ||| INVOKING Spit Poison.
   896 | D:2      | 896 ||| INVOKING Spit Poison.
   991 | D:2      | 991 ||| INVOKING Spit Poison.
   995 | D:2      | Reached XP level 3. HP: 30/32 MP: 3/3
  1032 | D:2      | 1032 ||| INVOKING Spit Poison.
  1138 | D:2      | Found a hazy altar of Hepliaklqana.
  1155 | D:2      | 1155 ||| INVOKING Spit Poison.
  1162 | D:2      | 1162 ||| INVOKING Spit Poison.
  1192 | D:2      | 1192 ||| INVOKING Spit Poison.
  1223 | D:2      | 1223 ||| UPGRADING to amulet "Houwuaf" {rF++ Regen+}.
  1228 | D:2      | 1228 ||| READING scroll labelled RUBRIG VEUCELI.
  1229 | D:2      | 1229 ||| READING scroll labelled QALEIM QEUB.
  1230 | D:2      | 1230 ||| DRINKING 2 fuming grey potions.
  1249 | D:2      | 1249 ||| DROPPING potion of lignification.
  1400 | D:3      | Found a transporter.
  1400 | D:3      | Noticed a scorpion
  1403 | D:3      | Found a snail-covered altar of Cheibriados.
  1410 | D:3      | Noticed a scorpion
  1413 | D:3      | Found a transporter.
  1473 | D:3      | Found a transporter.
  1479 | D:3      | Noticed qw's ghost (weakling MiHu)
  1479 | D:3      | Noticed an ogre
  1506 | D:3      | 1506 ||| INVOKING Spit Poison.
  1602 | D:3      | 1602 ||| READING scroll of enchant weapon.
  1602 | D:3      | 1602 ||| ENCHANTING +1 shortbow of chaos.
  1738 | D:3      | 1738 ||| INVOKING Spit Poison.
  1746 | D:3      | 1746 ||| INVOKING Spit Poison.
  1801 | D:3      | Found a transporter.
  1803 | D:3      | Identified the +0 giant spiked club of Imminent Death
                  | {drain, Int+2}
  1803 | D:3      | Noticed an ogre
  2008 | D:3      | 2008 ||| READING scroll labelled UHASIU FAOSHRO.
  2009 | D:3      | 2009 ||| READING scroll labelled FOPOANN ZUDA.
  2042 | D:4      | 2042 ||| INVOKING Spit Poison.
  2067 | D:4      | 2067 ||| INVOKING Spit Poison.
  2072 | D:4      | 2072 ||| INVOKING Spit Poison.
  2073 | D:4      | Reached skill level 5 in Ranged Weapons
  2073 | D:4      | Reached XP level 4. HP: 39/39 MP: 4/4
  2081 | D:4      | Found a staircase to the Ecumenical Temple.
  2082 | D:4      | 2082 ||| PLANNING TEMPLE
  2082 | D:4      | 2082 ||| READING scroll labelled MABLEORO COEVE.
  2083 | D:4      | 2083 ||| DRINKING 3 pink potions.
  2084 | D:4      | 2084 ||| DROPPING 2 potions of degeneration.
  2089 | D:4      | 2089 ||| INVOKING Spit Poison.
  2099 | Temple   | Entered the Ecumenical Temple
  2110 | Temple   | 2110 ||| PLANNING D:1-11
  2167 | D:4      | 2167 ||| INVOKING Spit Poison.
  2227 | D:4      | 2227 ||| INVOKING Spit Poison.
  2275 | D:4      | 2275 ||| INVOKING Spit Poison.
  2300 | D:4      | 2300 ||| INVOKING Spit Poison.
  2304 | D:4      | HP: 9/40 [iguana (18)]
  2305 | D:4      | 2305 ||| INVOKING Spit Poison.
  2305 | D:4      | Mangled by an iguana

Levels and vault maps discovered:
D:1:      onia_arrival_handbag, layout_basic,
          shapermc_ecumenical_altar_mp_vishouse
D:2:      layout_basic, basic_altar, minmay_misc_feat_square, grunt_ministairs_4
D:3:      layout_basic, gammafunk_temple_overflow_arena, gammafunk_ghost_smash
D:4:      layout_loops_ring, lemuel_coloured_pillars_altar,
          minmay_temple_entry_water_ring, uniq_grinder, uniq_duvessa,
          uniq_blork_the_orc
Temple:   minmay_freezing_vapour_temple

Skill      XL: |  1  2  3 |
---------------+----------+-----
Ranged Weapons | 4 5 |  5.2
Fighting       | |  2.3
Dodging        | |  1.5
Stealth        | |  1.5

Action                     |  1- 3 |  4- 6 || total
---------------------------+-------+-------++-------
   Fire: Shortbow          |    42 |    16 ||    58
Ability: Spit Poison       |    25 |     6 ||    31
    Use: Scroll            |     8 |     1 ||     9
         Potion            |     1 |     1 ||     2
 Armour: Leather armour    |     3 |     4 ||     7
  Dodge: Dodged            |    11 |     3 ||    14

Table legend:
 A = Non-vault XP
 B = Vault XP
 C = Vault XP percentage of total XP
 D = Non-vault monster count
 E = Vault monster count
 F = Vault count percentage of total count
                 A         B        C        D         E       F
            +---------+---------+-------+---------+---------+-------
      Total |     120 |       8 |   6.2 |      35 |       6 |  14.6
            +---------+---------+-------+---------+---------+-------
        D:1 |      14 |       5 |  26.3 |       9 |       4 |  30.8
        D:2 |      29 |       3 |   9.4 |      10 |       2 |  16.7
        D:3 |       6 |       0 |   0.0 |       4 |       0 |   0.0
        D:4 |      71 |       0 |   0.0 |      12 |       0 |   0.0
            +---------+---------+-------+---------+---------+-------
